 Dungeon Crawl Stone Soup version 0.30.0-19-g36f170ea60 (webtiles) character file.

Game seed: 13253074792350463810

9370 McKennaii the Destroyer (level 11, -10/74 HPs)
             Began as a Demigod Conjurer on May 26, 2023.
             Shot with an arrow by a centaur (15 damage)
             ... on level 11 of the Dungeon.
             The game lasted 00:15:04 (11637 turns).

McKennaii the Destroyer (Demigod Conjurer)         Turns: 11637, Time: 00:15:04

Health: -10/74     AC:  4    Str:  8    XL:     11   Next: 2%
Magic:  14/30      EV: 12    Int: 32    God:
Gold:   560        SH:  5    Dex: 12    Spells: 24/31 levels left

rFire   . . .        K - staff of conjuration
rCold   . . .        (no shield)
rNeg    . . .        a - +0 robe
rPois   .            (no helmet)
rElec   .            y - +0 cloak
rCorr   +            (no gloves)
SInv    .            p - +0 pair of boots
Will    +....        C - amulet of reflection
Stlth   ++           h - ring of wizardry
HPRegen 0.32/turn    u - ring of resist corrosion
MPRegen 0.22/turn

%: reflection, wizardry (x1)
@: about to teleport, studying Throwing
A: high MP 1, forlorn, divine attributes
a: no special abilities


You were on level 11 of the Dungeon.
You visited 1 branch of the dungeon, and saw 11 of its levels.

You collected 560 gold pieces.

Inventory:

Hand Weapons
 A - the +6 shillelagh "Devastator" {shatter}
   (You found it on level 3 of the Dungeon)
Armour
 a - a +0 robe (worn)
 p - a +0 pair of boots (worn)
 y - a +0 cloak (worn)
 F - the +4 kite shield of a ziggurat {Fly}
   (You took it off a gnoll sergeant on level 7 of the Dungeon)

   Fly:       It grants you flight.
 L - +0 acid dragon scales
Magical Staves
 K - a staff of conjuration (weapon)
Jewellery
 h - a ring of wizardry (left hand)
 u - a ring of resist corrosion (right hand)
 C - an amulet of reflection (around neck)
 H - the ring of the Barnacle {Ice Contam rElec Str+5}
   (You took it off a gnoll on level 7 of the Dungeon)

   [ring of ice]

   It enhances your ice magic.
   Str:       It affects your strength (+5).
   rF:        It makes you vulnerable to fire.
   rC:        It protects you from cold.
   rElec:     It insulates you from electricity.
   Contam:    It causes magical contamination when unequipped.
Wands
 G - a wand of paralysis (19)
 J - a wand of quicksilver (7)
Scrolls
 c - 2 scrolls of magic mapping
 d - 2 scrolls of vulnerability
 f - 16 scrolls of teleportation
 j - 3 scrolls of enchant weapon
 l - 2 scrolls of enchant armour {unknown}
 n - 3 scrolls of immolation
 o - 5 scrolls of fog {unknown}
 t - a scroll of torment {unknown}
 x - 2 scrolls of fear {unknown}
 B - a scroll of noise {unknown}
 D - a scroll of amnesia {unknown}
 E - a scroll of blinking {unknown}
 I - 2 scrolls of brand weapon {unknown}
 M - a scroll of identify
Potions
 b - 3 potions of magic
 e - a potion of cancellation {unknown}
 g - a potion of berserk rage
 i - a potion of might
 k - 6 potions of flight
 m - a potion of resistance
 q - a potion of lignification {unknown}
 r - 2 potions of heal wounds
 s - 3 potions of attraction
 v - 2 potions of invisibility {unknown}
 w - 5 potions of curing
 z - 2 potions of brilliance {unknown}
 N - a potion of haste {unknown}
 O - a potion of ambrosia {unknown}


   Skills:
 - Level 1.7 Dodging
 - Level 1.7 Stealth
 + Level 10.7 Spellcasting
 + Level 12.0 Conjurations


You had 24 spell levels left.
You knew the following spells:

 Your Spells              Type           Power      Damage    Failure   Level
a - Magic Dart            Conj           100%       1d8       0%          1
b - Searing Ray           Conj           100%       2d8       1%          2
c - Iskenderun's Mystic   Conj/Tloc      70%        2d14      1%          4

Your spell library contained the following spells:

 Spells                   Type           Power      Damage    Failure   Level
 Apportation              Tloc           34%        N/A       1%          1
 Kiss of Death            Conj/Necr      100%       2d13      1%          1
 Summon Small Mammal      Summ           68%        N/A       1%          1
 Ensorcelled Hibernation  Hex/Ice        34%        N/A       1%          2
 Dazzling Flash           Conj/Hex       100%       N/A       1%          3
 Fulminant Prism          Conj/Hex       35%        3d17      1%          4
 Arcjolt                  Conj/Air       35%        1d45      2%          5
 Call Canine Familiar     Summ           17%        N/A       3%          3
 Confusing Touch          Hex            17%        N/A       3%          3
 Inner Flame              Hex/Fire       17%        N/A       3%          3
 Spider Form              Tmut/Pois      17%        N/A       3%          3
 Summon Guardian Golem    Hex/Summ       17%        N/A       3%          3
 Vhi's Electric Charge    Tloc/Air       34%        N/A       3%          3
 Anguish                  Hex/Necr       8%         N/A       12%         4
 Animate Armour           Summ/Erth      34%        N/A       12%         4
 Dispel Undead            Necr           17%        3d10      12%         4
 Iron Shot                Conj/Erth      35%        9d7       16%         6
 Alistair's Intoxication  Tmut/Pois      11%        N/A       30%         5
 Blade Hands              Tmut           8%         N/A       30%         5
 Yara's Violent Unravell  Hex/Tmut       8%         3d5       30%         5
 Plasma Beam              Fire/Air       8%         2x1d21    83%         6
 Enfeeble                 Hex            8%         N/A       100%        7


Dungeon Overview and Level Annotations

Branches:
Dungeon (11/15)            Temple (0/1) D:4            Lair (0/5) D:8
    Orc (0/2) D:9

Portals:
Abyss: D:8

Annotations:
D:8 2 transporters, Sensen's ghost, novice OpEE


Innate Abilities, Weirdness & Mutations

You have an increased reservoir of magic. (+10% MP)
You shall have no god before yourself.
Your divine heritage dramatically boosts your attributes as you level up.


Message History

Press: ? - help, Shift-Dir - straight line, f - centaur
Aim: a centaur, wielding a +0 shortbow (90% to hit)
Okay, then.
The centaur shoots an arrow.
You block the arrow with an invisible shield... and reflect it back!
The arrow closely misses the centaur.
The arrow hits the centaur!
The centaur shoots an arrow.
You block the arrow with an invisible shield... and reflect it back!
The arrow hits the centaur!
You kill the centaur!
You see here a yak corpse.
Unknown command.
Casting: Searing Ray (safe; 1% risk of failure)
Confirm with . or Enter, or press ? or * to list all spells.
Aiming: Searing Ray (safe; 1% risk of failure)
Press: ? - help, Shift-Dir - straight line, f - centaur
Aim: a centaur, wielding a +0 shortbow (90% to hit)
You feel a surge of power!
The searing ray hits the centaur.
The centaur is moderately wounded. (Press . to maintain the ray.)
The centaur shoots an arrow.
The arrow hits you!
* * * LOW HITPOINT WARNING * * *
Unknown command.
Okay, then.
As you read the scroll of teleportation, it crumbles to dust.
You feel strangely unstable.
The centaur shoots an arrow.
The arrow hits you!
* * * LOW HITPOINT WARNING * * *
Unknown command.
Unknown command.
Unknown command.
Unknown command.
You feel much better.
The centaur shoots an arrow.
The arrow hits you!
* * * LOW HITPOINT WARNING * * *
The centaur shoots an arrow.
The arrow hits you!
* * * LOW HITPOINT WARNING * * *
The centaur shoots an arrow.
You block the arrow with an invisible shield... and reflect it back!
The arrow completely misses the centaur.
The arrow hits the centaur!
The centaur shoots an arrow.
The arrow hits you!
You die...

.............
............... ......#
................ ......#
.............cc# ......#
#..)........c..# .......
##.[.......)c..# $......
##.........cc.# .......
##.....###c..#####.......
##....# #....@..........
##...###...............
##................###.
##...............#
##..............#
##...............
##..............$
##...>..........
##.............


You could see 4 centaurs.

Vanquished Creatures
  2 two-headed ogres (D:8)
  Sonja (D:10)
  Pikel (D:7)
  A cyclops (D:11)
  The ghost of nacho123456 the Magician, a novice DsFE of Gozag (D:7)
  A gargoyle (D:10)
  Sigmund (D:6)
  6 yaks
  Grum (D:7)
  A wyvern (D:10)
  Menkaure (D:5)
  4 vampire mosquitoes (D:10)
  3 water moccasins
  2 acid dragons
  2 orc warriors
  3 sky beasts
  2 ice beasts
  An ogre (D:4)
  5 centaurs
  4 wolves (D:7)
  A phantom (D:7)
  2 bullfrogs (D:8)
  2 kobold brigands
  A gnoll sergeant (D:7)
  5 scorpions
  8 wights
  3 killer bees (D:9)
  2 howler monkeys (D:9)
  A jelly (D:6)
  4 hounds
  6 orc priests
  2 gnoll boudas
  A sleepcap (D:5)
  Crazy Yiuf (D:3)
  8 orc wizards
  21 gnolls
  5 adders
  A shadow imp (D:7)
  A white imp (D:5)
  A dart slug (D:3)
  24 orcs
  8 endoplasms
  6 giant cockroaches
  9 goblins
  4 hobgoblins
  6 ball pythons
  3 bats
  A frilled lizard (D:2)
  9 kobolds
  2 rats (D:2)
191 creatures vanquished.

Notes
Turn   | Place    | Note
-------+----------+-------------------------------------------
     0 | D:1      | McKennaii the Demigod Conjurer began the quest for the Orb.
     0 | D:1      | Reached XP level 1. HP: 14/14 MP: 5/5
   646 | D:1      | Reached XP level 2. HP: 20/20 MP: 3/7
   996 | D:2      | Reached skill level 4 in Conjurations
  1069 | D:2      | Reached XP level 3. HP: 15/26 MP: 3/9
  1072 | D:2      | Learned a level 2 spell: Searing Ray
  1535 | D:1      | HP: 1/26 [gnoll/+0 whip (8)]
  1656 | D:2      | Reached XP level 4. HP: 18/33 MP: 0/11
  2340 | D:3      | Reached XP level 5. HP: 38/38 MP: 10/13
  2483 | D:3      | Reached skill level 5 in Conjurations
  2824 | D:3      | Found a runed translucent door.
  2825 | D:3      | Noticed Crazy Yiuf
  2827 | D:3      | Found the +6 shillelagh "Devastator" {shatter}
  3374 | D:4      | Reached XP level 6. HP: 45/45 MP: 7/15
  3379 | D:4      | Learned a level 4 spell: Iskenderun's Mystic Blast
  3431 | D:4      | Found a staircase to the Ecumenical Temple.
  4219 | D:5      | Entered Level 5 of the Dungeon
  4237 | D:5      | Reached skill level 6 in Conjurations
  4474 | D:5      | Reached skill level 5 in Spellcasting
  4474 | D:5      | Reached XP level 7. HP: 50/50 MP: 10/17
  4814 | D:5      | Noticed Menkaure
  4829 | D:5      | Killed Menkaure
  4916 | D:5      | Reached skill level 7 in Conjurations
  5267 | D:6      | Reached XP level 8. HP: 53/57 MP: 5/20
  5948 | D:6      | Noticed Sigmund
  5952 | D:6      | Killed Sigmund
  6293 | D:3      | Killed Crazy Yiuf
  6487 | D:7      | Noticed Pikel
  6492 | D:7      | Killed Pikel
  6493 | D:7      | Reached skill level 8 in Conjurations
  6602 | D:6      | Reached XP level 9. HP: 45/62 MP: 1/24
  6729 | D:7      | Reached skill level 9 in Conjurations
  7080 | D:7      | Identified the ring of the Barnacle {Ice Contam rElec
                  | Str+5}
  7098 | D:7      | Noticed nacho123456's ghost (novice DsFE)
  7213 | D:7      | Identified the +8 spear "Lounikavi" {elec, Drain rCorr
                  | Dex+5}
  7213 | D:7      | Identified the +4 kite shield of a ziggurat {Fly}
  7253 | D:7      | Found a transporter.
  7323 | D:7      | Noticed Grum
  7516 | D:7      | Found a transporter.
  7722 | D:7      | Killed Grum
  7884 | D:7      | Killed nacho123456's ghost
  7885 | D:7      | Reached skill level 10 in Conjurations
  8014 | D:8      | Noticed a two-headed ogre
  8024 | D:8      | Killed a two-headed ogre
  8162 | D:8      | Found a transporter.
  8178 | D:8      | Noticed a toenail golem
  8213 | D:8      | Found a one-way gate to the infinite horrors of the Abyss.
  8213 | D:8      | Noticed Sensen's ghost (novice OpEE)
  8335 | D:8      | Reached XP level 10. HP: 55/69 MP: 21/27
  8437 | D:8      | Noticed a two-headed ogre
  8444 | D:8      | Killed a two-headed ogre
  8588 | D:8      | Found a transporter.
  8643 | D:8      | Found a staircase to the Lair.
  9213 | D:9      | Found a staircase to the Orcish Mines.
  9396 | D:9      | Reached skill level 11 in Conjurations
 10179 | D:9      | Identified the +5 flail of the Mordant God {freeze, rPois
                  | rN++ Str+2 Int-3}
 10284 | D:10     | Entered Level 10 of the Dungeon
 10301 | D:10     | Reached skill level 10 in Spellcasting
 10989 | D:10     | Noticed Sonja
 10996 | D:10     | Killed Sonja
 11574 | D:11     | Noticed a cyclops
 11587 | D:11     | Killed a cyclops
 11588 | D:11     | Reached skill level 12 in Conjurations
 11588 | D:11     | Reached XP level 11. HP: 64/74 MP: 9/30
 11637 | D:11     | Shot with an arrow by a centaur

Illustrated notes

Levels and vault maps discovered:
D:1:      psy_arrival_conway, layout_loops_cross
D:2:      layout_rooms, hellmonk_ecumenical_altar_arch_garden, minmay_ruptured
D:3:      layout_basic, nicolae_overflow_ecumenical_swirl,
          nicolae_sif_muna_little_library, elyvilon_altar_3,
          nicolae_kikubaaqudgha_miasma_corner, minmay_close_crescents,
          uniq_crazy_yiuf_cottage
D:4:      layout_loops_ring, ashenzari_altar_1, minmay_temple_entry_wispy
D:5:      layout_rooms, uniq_menkaure
D:6:      layout_loops_ring, uniq_sigmund
D:7:      layout_loops_ring, gammafunk_ghost_gnarly_gnolls,
          amcnicky_mini_corridor_feature, minmay_liquid_box,
          hangedman_abyss_or_decor_stagger, hangedman_decor_growths,
          minmay_misc_feat_four_crosses, uniq_pikel
D:8:      layout_basic, lair_entry_dummy, gammafunk_ghost_abyssal_escape
D:9:      layout_irregular_city, orc_0_dummy
D:10:     layout_loops_cross, uniq_sonja
D:11:     layout_big_octagon, pond, uniq_harold

Skill      XL: |  1  2  3  4  5  6  7  8  9 10 |
---------------+-------------------------------+-----
Spellcasting   | 2 3 4 5 6 7 9 10 | 10.7
Conjurations   | 4 5 6 7 8 10 12 | 12.0
Dodging        | |  1.7
Stealth        | |  1.7

Action                     |  1- 3 |  4- 6 |  7- 9 | 10-12 || total
---------------------------+-------+-------+-------+-------++-------
  Melee: Unarmed           |     1 |       |       |       ||     1
         Dagger            |       |       |     1 |       ||     1
         Shillelagh        |       |       |     8 |    21 ||    29
   Cast: Magic Dart        |    55 |    86 |    42 |    56 ||   239
         Searing Ray       |     8 |    12 |    43 |    31 ||    94
         Iskenderun's Myst |       |       |    28 |    23 ||    51
    Use: Scroll            |       |       |     2 |    12 ||    14
         Potion            |       |       |       |     1 ||     1
 Armour: Robe              |     3 |     1 |     4 |     5 ||    13
  Dodge: Dodged            |    20 |    11 |    30 |    38 ||    99
  Block: Other             |       |       |     8 |    17 ||    25
         Reflection        |       |       |     2 |     7 ||     9
